[Event "Late-Titled-Tuesday-Blitz-March-05-2024"]
[Site "Chess.com"]
[Date "2024.03.05"]
[Round "6"]
[White "picturesquecheck"]
[Black "aranibos"]
[Result "1-0"]
[WhiteElo "2409"]
[BlackElo "2269"]
[TimeControl "180+1"]
[EndTime "15:02:44 PST"]
[Termination "picturesquecheck won by checkmate"]

1. e4 g6 2. d4 Bg7 3. Nf3 d6 4. Nc3 Nd7 5. Be2 a6 6. O-O e6 7. d5 e5 8. Bg5 f6 9. Be3 Ne7 10. Ne1 O-O 11. f3 Nb6 12. a4 Bd7 13. a5 Nbc8 14. b4 c6 15. Bc4 Kh8 16. dxc6 bxc6 17. Qd3 f5 18. Bxa6 fxe4 19. fxe4 Rxf1+ 20. Qxf1 d5 21. Bxc8 Rxc8 22. Bc5 d4 23. Na4 Ng8 24. a6 Ra8 25. a7 Qc7 26. Qa6 Bc8 27. Qa5 Qxa5 28. bxa5 Bb7 29. Bb6 Bf8 30. Nd3 Ba6 31. Nxe5 Bb5 32.
Bxd4 Bg7 33. Nf7# 1-0

[Event "Late-Titled-Tuesday-Blitz-March-05-2024"]
[Site "Chess.com"]
[Date "2024.03.05"]
[Round "6"]
[White "MatthewG-p4p"]
[Black "Gennady_Kozlov"]
[Result "1-0"]
[WhiteElo "2896"]
[BlackElo "2694"]
[TimeControl "180+1"]
[EndTime "15:02:49 PST"]
[Termination "MatthewG-p4p won by resignation"]

1. f4 d5 2. Nf3 Nf6 3. g3 g6 4.
Bg2 Bg7 5. O-O O-O 6. d3 c5 7. Ne5 Nc6 8. Nxc6 bxc6 9. e4 Bb7 10. e5 Ne8 11. c4 Nc7 12. Nc3 Ne6 13. b3 Qd7 14. Bb2 Rfd8 15. Qe2 Nd4 16. Qf2 Qc7 17. Na4 dxc4 18. dxc4 Ne6 19. Nxc5 Nxc5 20. Qxc5 Rd2 21.
Bc3 Rc2 22. Ba5 Qd7 23. Rad1 Qg4 24. Bf3 Qh3 25. Rf2 Rxf2 26. Qxf2 f6 27. Qe2 fxe5 28. Bg4 Qh6 29. Rd7 exf4 30. Rxb7 fxg3 31. hxg3 Rf8 32. Rd7 Qc1+ 33. Kg2 c5 34. Rd1 Qg5 35. Bd2 Qf6 36. Qe6+ Qxe6 37. Bxe6+ Kh8 38. Bg5 1-0

[Event "Late-Titled-Tuesday-Blitz-March-05-2024"]
[Site "Chess.com"]
[Date "2024.03.05"]
[Round "6"]
[White "Antipov_Mikhail_Al"]
[Black "CarlosjPineror"]
[Result "1-0"]
[WhiteElo "2944"]
[BlackElo "2753"]
[TimeControl "180+1"]
[EndTime "15:02:54 PST"]
[Termination "Antipov_Mikhail_Al won by resignation"]

1. e4 c5 2. Nf3 e6 3. b3 b6 4. Bb2 Bb7 5. Nc3 a6 6. d4 cxd4 7.
Nxd4 Qc7 8. Qd2 Nf6 9. f3 Nc6 10. O-O-O Rc8 11. Nxc6 dxc6 12. e5 Nd5 13. Ne4 Bc5 14.
Kb1 O-O 15. Nxc5 bxc5 16. c4 Ne7 17. Qe3 Ng6 18. Bd3 Qa5 19. h4 Rfd8 20. h5 Nf8 21. h6 Qc7 22. hxg7 Ng6 23. Qh6 1-0

[Event "Late-Titled-Tuesday-Blitz-March-05-2024"]
[Site "Chess.com"]
[Date "2024.03.05"]
[Round "6"]
[White "Slovineanu"]
[Black "MaiqMaster"]
[Result "1-0"]
[WhiteElo "2488"]
[BlackElo "2322"]
[TimeControl "180+1"]
[EndTime "15:02:55 PST"]
[Termination "Slovineanu won by resignation"]

1. d4 d5 2. Nf3 Nf6 3. c4 e6 4. e3 a6 5. b3 c5 6. Bd3 Nc6 7. Bb2 dxc4 8. bxc4 cxd4 9. exd4 Bb4+ 10. Nbd2 O-O 11. O-O Bd7 12. Qe2 Qc7 13. Ne4 Nxe4 14.
Qxe4 f5 15. Qe2 Rae8 16. Rac1 Bd6 17. Rfe1 Qb8 18. h3 Bb4 19. Red1 Bd6 20. a3 e5 21. dxe5 Nxe5 22. c5 Nxf3+ 23. Qxf3 Bc6 24. Qh5 Bh2+ 25. Kh1 g6 26. Bc4+ Rf7 27. Bxf7+ 1-0

[Event "Late-Titled-Tuesday-Blitz-March-05-2024"]
[Site "Chess.com"]
[Date "2024.03.05"]
[Round "6"]
[White "Genghis_K"]
[Black "TheCavemanChess"]
[Result "1-0"]
[WhiteElo "2940"]
[BlackElo "2733"]
[TimeControl "180+1"]
[EndTime "15:02:56 PST"]
[Termination "Genghis_K won by checkmate"]

1. e4 c5 2. Nf3 d6 3. d4 cxd4 4. Nxd4 Nf6 5. Nc3 a6 6. Be2 e6 7. g4 Be7 8. g5 Nfd7 9. h4 b5 10. a3 Bb7 11. Rg1 g6 12. f4 h6 13. f5 e5 14. fxg6 exd4 15. gxf7+ Kxf7 16. Bh5+ Kg8 17. gxh6+ Kf8 18. Qg4 Bxh4+ 19. Kd1 Bf6 20. h7 Ne5 21. Qe6 Bg7 22. Rxg7 Kxg7 23. Qh6# 1-0

[Event "Late-Titled-Tuesday-Blitz-March-05-2024"]
[Site "Chess.com"]
[Date "2024.03.05"]
[Round "6"]
[White "katharinareinecke"]
[Black "Fjal"]
[Result "0-1"]
[WhiteElo "1981"]
[BlackElo "2296"]
[TimeControl "180+1"]
[EndTime "15:03:04 PST"]
[Termination "Fjal won by resignation"]

1. e4 d6 2. d4 Nf6 3. Nc3 g6 4. Bd3 Bg7 5. Nge2 O-O 6. O-O c5 7. d5 e5 8. f4 exf4 9. Nxf4 a6 10. a4 Nbd7 11. Kh1 Ne5 12. h3 Qe7 13. Bd2 Bd7 14.
Qe2 Rfc8 15. Rae1 c4 16. Bxc4 Nxc4 17. Bc1 b5 18. axb5 axb5 19. b3 Ne5 20. Nxb5 Bxb5 21. Qxb5 Rxc2 22. Be3 Nxe4 23. Bd4 Ng3+ 24. Kh2 Nxf1+ 25.
Rxf1 0-1

[Event "Late-Titled-Tuesday-Blitz-March-05-2024"]
[Site "Chess.com"]
[Date "2024.03.05"]
[Round "6"]
[White "laziestwin"]
[Black "JSPrepz"]
[Result "0-1"]
[WhiteElo "2591"]
[BlackElo "2842"]
[TimeControl "180+1"]
[EndTime "15:03:05 PST"]
[Termination "JSPrepz won by resignation"]

1. d4 Nf6 2. c4 c5 3. d5 b5 4.
cxb5 a6 5. bxa6 g6 6. Nc3 Bg7 7.
e4 O-O 8. Nf3 Qa5 9. Bd2 Bxa6 10. Be2 Bxe2 11. Qxe2 Qa6 12. e5 Ng4 13. Qe4 f5 14.
exf6 Nxf6 15. Qe2 Qxe2+ 16. Kxe2 Na6 17. Kd3 Nb4+ 18. Kc4 Ng4 19. Rhf1 Rab8 20. Rac1 Rxf3 21. gxf3 Ne5+ 22. Kb3 Nbd3+ 23. Ka4 Nc4 24. Nd1 Nxd2 25. Rg1 Nxc1 0-1

[Event "Late-Titled-Tuesday-Blitz-March-05-2024"]
[Site "Chess.com"]
[Date "2024.03.05"]
[Round "6"]
[White "ChessBrainiacOnTwitch"]
[Black "subham777"]
[Result "1-0"]
[WhiteElo "2795"]
[BlackElo "2598"]
[TimeControl "180+1"]
[EndTime "15:03:08 PST"]
[Termination "ChessBrainiacOnTwitch won by resignation"]

1. e4 e6 2. d4 d5 3. Nc3 Nf6 4. Bg5 Be7 5. e5 Nfd7 6. h4 h6 7. Bxe7 Qxe7 8. Qg4 O-O 9. f4 c5 10. Nf3 Nc6 11. O-O-O a6 12. Qg3 b5 13. f5 Kh8 14. f6 Nxf6 15. exf6 Qxf6 16. dxc5 Bb7 17. Bd3 Rab8 18. Rhf1 Qe7 19. Ne5 Nxe5 20. Qxe5 Qxc5 21. Rf3 Qe7 22. Rg3 f6 23. Qh5 Qf7 24. Rg6 f5 25. Ne2 Bc6 26. g4 Be8 27. gxf5 exf5 28. Nf4 Qg8 29.
Rxh6+ 1-0

[Event "Late-Titled-Tuesday-Blitz-March-05-2024"]
[Site "Chess.com"]
[Date "2024.03.05"]
[Round "6"]
[White "nindjaxx8"]
[Black "XDPS"]
[Result "0-1"]
[WhiteElo "2697"]
[BlackElo "2902"]
[TimeControl "180+1"]
[EndTime "15:03:13 PST"]
[Termination "XDPS won by resignation"]

1. d4 g6 2. c4 Bg7 3. Nc3 d6 4. Nf3 Nd7 5. Bf4 e5 6. dxe5 dxe5 7. Bg3 c6 8. e3 Ne7 9. Qc2 O-O 10. Be2 Nf5 11. O-O Qe7 12. Bf4 exf4 13. exf4 Nd4 14. Nxd4 Bxd4 15. Bf3 Bg7 16. g3 Nc5 17. Rfe1 Qc7 18.
Rad1 Bf5 19. Qe2 Rad8 20. Rxd8 Rxd8 21. Qe3 Bd4 22. Qe2 Nd3 23. Rf1 Bh3 24. Bg2 Bxg2 25. Kxg2 Bxc3 26. bxc3 Nc5 27. Re1 Qd7 28. Qe3 b6 29. h4 h5 30. Qe5 Qe6 31. Qc7 Qxe1 32. Qxd8+ Kh7 33. Qc7 Qe4+ 34. Kg1 Qxc4 35. Qxa7 b5 36.
Qc7 Qe6 37. Qa7 Ne4 38. Qd4 Nd6 39. a4 Nf5 40. Qa7 bxa4 41. Qxa4 Qe1+ 42. Kg2 Qxc3 43. Qa7 Qc4 44. Qd7 Qd5+ 0-1

[Event "Late-Titled-Tuesday-Blitz-March-05-2024"]
[Site "Chess.com"]
[Date "2024.03.05"]
[Round "6"]
[White "pooh2012"]
[Black "SnekkerAndersen"]
[Result "0-1"]
[WhiteElo "2533"]
[BlackElo "2710"]
[TimeControl "180+1"]
[EndTime "15:03:22 PST"]
[Termination "SnekkerAndersen won by resignation"]

1. d4 d5 2. Nf3 e6 3. Bf4 Nf6 4. Nbd2 c5 5. e3 Nc6 6. c3 cxd4 7. exd4 Nh5 8. Be3 Bd6 9. Ne5 g6 10. Bb5 O-O 11. Nxc6 bxc6 12. Be2 Ng7 13. Bh6 Rb8 14. Nb3 Re8 15. h4 Nf5 16. Bg5 Be7 17. Bf4 Bd6 18. Bg5 f6 19. Bd2 e5 20. dxe5 fxe5 21. h5 a5 22. hxg6 hxg6 23. Rb1 a4 24. Nc1 e4 25. Qxa4 Bd7 26. Qc2 e3 27. Bxe3 Rxe3 28. fxe3 Qg5 29. Nd3 Bg3+ 30. Nf2 Nxe3 31. Qd3 Re8 32. Qd4 Nc2+ 0-1

[Event "Late-Titled-Tuesday-Blitz-March-05-2024"]
[Site "Chess.com"]
[Date "2024.03.05"]
[Round "6"]
[White "jaskol95"]
[Black "wadsy27"]
[Result "0-1"]
[WhiteElo "2569"]
[BlackElo "2641"]
[TimeControl "180+1"]
[EndTime "15:03:25 PST"]
[Termination "wadsy27 won by checkmate"]

1. e4 e6 2. d4 d5 3. Nc3 Bb4 4. e5 c5 5. a3 Bxc3+ 6. bxc3 Qa5 7. Bd2 Qa4 8. Nf3 b6 9. Be2 Ba6 10. Bxa6 Qxa6 11. Qe2 Qxe2+ 12. Kxe2 Ne7 13. c4 Nbc6 14.
cxd5 exd5 15. dxc5 bxc5 16. Rab1 Nf5 17. Rb7 O-O 18. Rhb1 Rfe8 19. Kf1 h6 20. g4 Nfd4 21. Nxd4 Nxd4 22. Rc7 Nf3 23. Bf4 g5 24. Bg3 Nd2+ 25.
Kg2 Nxb1 26. Rxc5 Rac8 27. Rxd5 Rxc2 28. Rd6 Kg7 29. Rd7 Nc3 30. h4 Ne4 31. hxg5 hxg5 32. Bh2 Rxf2+ 33. Kh3 Rh8# 0-1

[Event "Late-Titled-Tuesday-Blitz-March-05-2024"]
[Site "Chess.com"]
[Date "2024.03.05"]
[Round "6"]
[White "rdarruda"]
[Black "Harry_Rakkel"]
[Result "0-1"]
[WhiteElo "2525"]
[BlackElo "2698"]
[TimeControl "180+1"]
[EndTime "15:03:27 PST"]
[Termination "Harry_Rakkel won by resignation"]

1. d4 Nf6 2. Nf3 e6 3. g3 b6 4. Bg2 Bb7 5. O-O Be7 6. b3 O-O 7. Bb2 a5 8. a4 d5 9. Nbd2 Na6 10.
Ne5 c5 11. e3 Rc8 12. c4 Nb4 13. Rc1 Qc7 14. Qe2 Rfd8 15. Rfd1 Qb8 16. h3 Qa8 17.
Bf3 Ne4 18. cxd5 exd5 19. dxc5 Ba6 20. Qe1 Bxc5 21. Bd4 f6 22. Bxe4 dxe4 23. Bxc5 bxc5 24. Nec4 Nd3 25. Qe2 Nxc1 26. Rxc1 Qd5 27. Qg4 f5 28. Qf4 Rc6 29. Nf1 Bxc4 30. Rxc4 g6 31. Kg2 Qd6 32. Qg5 Rb8 33. Rc3 Qf6 34. Qf4 Rb7 35. Rc4 g5 0-1

[Event "Late-Titled-Tuesday-Blitz-March-05-2024"]
[Site "Chess.com"]
[Date "2024.03.05"]
[Round "6"]
[White "Binary010"]
[Black "Burgsvik"]
[Result "1-0"]
[WhiteElo "2806"]
[BlackElo "2373"]
[TimeControl "180+1"]
[EndTime "15:03:27 PST"]
[Termination "Binary010 won by resignation"]

1. d4 c5 2. d5 d6 3. e4 g6 4. Bb5+ Bd7 5. a4 Na6 6. Nf3 Nc7 7. Bd3 Bg7 8. O-O Nh6 9. h3 a6 10. a5 f6 11. c4 Nf7 12. Nc3 Ne5 13. Nxe5 fxe5 14.
Na4 O-O 15. Nb6 Rb8 16. b4 cxb4 17. Bd2 e6 18. Bxb4 exd5 19. Bxd6 Rf7 20. Nxd5 Nxd5 21. Bxb8 Nf4 22. Ba7 Bxh3 23. Bc2 Qg5 24. g3 Bxf1 25. Qxf1 Ne6 26. Be3 Qf6 27. c5 Nd4 28. Bxd4 exd4 29.
Bb3 Qe5 30. Qc4 Qe7 31. f4 Kf8 32. Qxf7+ Qxf7 33. Bxf7 Kxf7 34. Rb1 Bf8 35. Rxb7+ Ke6 36. Rb6+ Kd7 37. c6+ Kc7 38. Rxa6 Bc5 39. Kf1 h5 40.
Ke2 Bb4 41. e5 Bc5 42. Ra8 Kxc6 43. Rc8+ Kd5 44. Rxc5+ 1-0

[Event "Late-Titled-Tuesday-Blitz-March-05-2024"]
[Site "Chess.com"]
[Date "2024.03.05"]
[Round "6"]
[White "Abduzhaparov"]
[Black "Penafiel-Josselyne02"]
[Result "1-0"]
[WhiteElo "2447"]
[BlackElo "2064"]
[TimeControl "180+1"]
[EndTime "15:03:39 PST"]
[Termination "Abduzhaparov won by resignation"]

1. Nf3 Nf6 2. c4 g6 3. Nc3 Bg7 4. e4 d6 5. d4 O-O 6. Be3 e5 7. dxe5 dxe5 8. Qxd8 Rxd8 9. Nd5 Na6 10. O-O-O Bg4 11.
h3 Be6 12. Bg5 Bxd5 13. cxd5 Re8 14. Bxa6 bxa6 15. Bxf6 Bxf6 16. Kb1 Rab8 17. Rc1 Rb7 18. Rc4 Reb8 19. b3 Rb4 20. Rhc1 Rxc4 21. Rxc4 Rb7 22. Ne1 Be7 23. Nd3 Bd6 24. f4 exf4 25. e5 Be7 26.
Nxf4 Rb4 27. d6 Rxc4 28. dxe7 Rxf4 29. e8=Q+ Kg7 30. Qc6 Rf1+ 31. Kb2 Rf2+ 32. Ka3 Rf5 33. Qxc7 Kh6 34. g4 Rf2 35. Qxa7 Re2 36. Qxf7 1-0

[Event "Late-Titled-Tuesday-Blitz-March-05-2024"]
[Site "Chess.com"]
[Date "2024.03.05"]
[Round "6"]
[White "DonBroca"]
[Black "Ducke13"]
[Result "0-1"]
[WhiteElo "2153"]
[BlackElo "2389"]
[TimeControl "180+1"]
[EndTime "15:03:41 PST"]
[Termination "Ducke13 won by resignation"]

1. e4 c5 2. c3 d5 3. exd5 Qxd5 4. d4 Nc6 5. Nf3 Bf5 6. Be2 cxd4 7. cxd4 Bxb1 8. Rxb1 Nf6 9. O-O e6 10. Bf4 Be7 11. Qa4 O-O 12. Rfd1 Rfd8 13. Bb5 Qf5 14. Be5 Rac8 15. Rbc1 Ng4 16. h3 Ngxe5 17. dxe5 Nxe5 18. Nxe5 Qxe5 19. Rxc8 Rxc8 20. Qxa7 Qxb5 21. a4 Qxb2 22. a5 Qb5 23. Rd7 Qxd7 0-1

[Event "Late-Titled-Tuesday-Blitz-March-05-2024"]
[Site "Chess.com"]
[Date "2024.03.05"]
[Round "6"]
[White "Njal28"]
[Black "kleinebeer98"]
[Result "1-0"]
[WhiteElo "3011"]
[BlackElo "2887"]
[TimeControl "180+1"]
[EndTime "15:03:44 PST"]
[Termination "Njal28 won by resignation"]

1. d4 d5 2. Nf3 Nc6 3. Bf4 Bg4 4.
Nbd2 e6 5. c3 Bd6 6. Bg3 Nge7 7.
Qb3 O-O 8. e3 a5 9. Bd3 a4 10. Qc2 Bf5 11. e4 dxe4 12. Nxe4 a3 13. b3 Nd5 14. O-O Bxg3 15. hxg3 h6 16. Rad1 Qe7 17.
Rfe1 b6 18. Qc1 Rfe8 19. Bb5 Bxe4 20. Bxc6 Bxf3 21. gxf3 Rad8 22. Bxe8 Qxe8 23. c4 Nb4 24. d5 Ra8 25. dxe6 fxe6 26. Qe3 c5 27. Rd2 Kf7 28. f4 Qc6 29. Qe5 Re8 30. Rd6 Qc8 31. Qe4 g6 32.
Rxb6 Nxa2 33. Rb7+ Re7 34. Rxe7+ Kxe7 35. Qxg6 Nb4 36. f5 a2 37. Rxe6+ Kd8 38. Re8+ Kc7 39. Rxc8+ Kxc8 40. Qg8+ Kd7 41. Qg7+ Kd6 42. Qf6+ Kd7 43.
Qe6+ Kc7 44. Qe5+ Kd7 45. f6 Nc2 46. f7 a1=Q+ 47. Qxa1 1-0

[Event "Late-Titled-Tuesday-Blitz-March-05-2024"]
[Site "Chess.com"]
[Date "2024.03.05"]
[Round "6"]
[White "OrtizAnahi2001"]
[Black "lamomiajunior"]
[Result "0-1"]
[WhiteElo "2539"]
[BlackElo "2719"]
[TimeControl "180+1"]
[EndTime "15:03:50 PST"]
[Termination "lamomiajunior won by resignation"]

1. d4 g6 2. e4 Bg7 3. Nf3 d6 4. c3 Nc6 5. Be3 e5 6. Be2 Nge7 7. Qd2 O-O 8. Bh6 f5 9. Bxg7 Kxg7 10. exf5 e4 11. Nh4 Nxf5 12. Nxf5+ Bxf5 13. Na3 d5 14.
Nc2 Ne7 15. Ne3 c6 16. O-O Qd7 17. Rac1 b5 18. b3 a6 19. c4 h5 20. cxd5 cxd5 21. Rc5 Rac8 22. Rfc1 Rxc5 23. Rxc5 Qd6 24. Qc3 Qf6 25.
f3 Be6 26. Rc7 Kh6 27. Qd2 g5 28. Rc1 exf3 29. Bxf3 Kg7 30. Rf1 Qh6 31. Be2 g4 32. Rxf8 Kxf8 33. Qd3 Qf6 34. Qc3 Kg7 35. Nf1 Nf5 36.
Qc7+ Kg6 37. Qe5 Nxd4 38. Bd3+ Nf5 39. Qc7 Qd4+ 0-1

[Event "Late-Titled-Tuesday-Blitz-March-05-2024"]
[Site "Chess.com"]
[Date "2024.03.05"]
[Round "6"]
[White "GrotBchess"]
[Black "DeArron_Fox"]
[Result "0-1"]
[WhiteElo "2383"]
[BlackElo "2544"]
[TimeControl "180+1"]
[EndTime "15:03:51 PST"]
[Termination "DeArron_Fox won by resignation"]

1. d4 d5 2. Nf3 Nf6 3. c4 e6 4. g3 Bb4+ 5. Nbd2 O-O 6. Bg2 b6 7. O-O Bb7 8. Qc2 Nbd7 9. a3 Be7 10.
Rd1 c5 11. dxc5 Bxc5 12. b4 Be7 13. Bb2 Rc8 14. Rac1 dxc4 15. Qb1 b5 16. Nxc4 bxc4 17. Ng5 Bxg2 18. Bxf6 g6 19. Bxe7 Qxe7 20. Kxg2 Nb6 21. Ne4 Rfd8 22. Qb2 Qb7 23. f3 Nd5 24. Rd4 c3 25.
Rxc3 Rxc3 26. Rxd5 exd5 27. Nf6+ Kg7 28. Qxc3 d4 0-1

[Event "Late-Titled-Tuesday-Blitz-March-05-2024"]
[Site "Chess.com"]
[Date "2024.03.05"]
[Round "6"]
[White "sonson28291"]
[Black "Bala-Afiada"]
[Result "1-0"]
[WhiteElo "2256"]
[BlackElo "1871"]
[TimeControl "180+1"]
[EndTime "15:03:54 PST"]
[Termination "sonson28291 won on time"]

1. e4 c5 2. b4 cxb4 3. a3 e5 4. axb4 Bxb4 5. c3 Be7 6. f4 d5 7. exd5 Qxd5 8. Nf3 exf4 9. d4 Nf6 10. Nbd2 O-O 11. Bc4 Qh5 12. O-O Bg4 13. Qb3 b6 14.
Ne5 Nbd7 15. Nxd7 Bxd7 16. Nf3 Bc6 17. Ne5 Ng4 18. Bxf4 Bg5 19. Bg3 Be3+ 20. Kh1 Nxe5 21. dxe5 Qh3 22. Bd5 Bxd5 23. Qxd5 Qe6 24. Qe4 Bc5 25.
Bh4 Rfe8 26. Rae1 Bd6 27. Bg3 Bc7 28. h3 f6 29. Qb7 Rac8 30. exf6 Qxf6 31. Rxe8+ Rxe8 32. Rxf6 gxf6 33. Qxc7 1-0

[Event "Late-Titled-Tuesday-Blitz-March-05-2024"]
[Site "Chess.com"]
[Date "2024.03.05"]
[Round "6"]
[White "Eloist"]
[Black "ACollins05"]
[Result "0-1"]
[WhiteElo "2443"]
[BlackElo "2601"]
[TimeControl "180+1"]
[EndTime "15:03:55 PST"]
[Termination "ACollins05 won on time"]

1. e4 c5 2. Nf3 d6 3. Bb5+ Bd7 4. Bxd7+ Nxd7 5. O-O Ngf6 6. Qe2 e6 7. d4 cxd4 8.
Nxd4 Be7 9. c4 O-O 10. b3 Qb6 11. Bb2 Rfc8 12. Rd1 a6 13. Nc3 Qc7 14. Kh1 Nc5 15. f4 Rab8 16. g4 h6 17. h4 e5 18. Nf5 Bf8 19. g5 Nh7 20. Nd5 Qd7 21. fxe5 hxg5 22.
exd6 Re8 23. Nde7+ Bxe7 24. dxe7 Qe6 25. Nxg7 Qh3+ 26.
Qh2 Qxh2+ 27. Kxh2 Rxe7 28. hxg5 Rxe4 29. Re1 Rxe1 30.
Rxe1 Nd3 31. Re2 Nxb2 32. Nf5 Nd3 0-1

[Event "Late-Titled-Tuesday-Blitz-March-05-2024"]
[Site "Chess.com"]
[Date "2024.03.05"]
[Round "6"]
[White "Sinquefield"]
[Black "IlanSchnaider"]
[Result "1-0"]
[WhiteElo "2516"]
[BlackElo "2633"]
[TimeControl "180+1"]
[EndTime "15:03:56 PST"]
[Termination "Sinquefield won by resignation"]

1. d4 d5 2. Nf3 Nf6 3. c3 c5 4. dxc5 e6 5. b4 a5 6. a3 axb4 7. cxb4 b6 8. Qc2 bxc5 9. bxc5 Qa5+ 10. Bd2 Qxc5 11. Qxc5 Bxc5 12. e3 O-O 13. Bd3 Ba6 14. Bxa6 Nxa6 15. O-O Rfb8 16. Nc3 Nc7 17. a4 Nce8 18. Rfc1 Be7 19. Nb5 Ne4 20. Be1 Bf6 21. Nfd4 N8d6 22. f3 Nxb5 23. axb5 Rxa1 24. Rxa1 Nd6 25.
Bg3 e5 26. Nc6 Rc8 27. b6 h5 28. Rc1 Nb7 29. Ne7+ Bxe7 30. Rxc8+ Kh7 31. Rc7 Bc5 32. Rxb7 Bxe3+ 33. Bf2 f6 34. Bxe3 1-0

[Event "Late-Titled-Tuesday-Blitz-March-05-2024"]
[Site "Chess.com"]
[Date "2024.03.05"]
[Round "6"]
[White "secretsuperstar7"]
[Black "Agibileg"]
[Result "0-1"]
[WhiteElo "2510"]
[BlackElo "2653"]
[TimeControl "180+1"]
[EndTime "15:04:03 PST"]
[Termination "Agibileg won by checkmate"]

1. c4 Nf6 2. Nc3 e6 3. e4 e5 4. Nf3 d6 5. d4 Nc6 6. d5 Ne7 7. Be2 g6 8. O-O Bg7 9. Rb1 O-O 10. b4 Nd7 11. Be3 f5 12. Ng5 Nf6 13. c5 h6 14.
Ne6 Bxe6 15. dxe6 fxe4 16. Bc4 d5 17. Bb3 d4 18. Bd2 dxc3 19. Bxc3 Nfd5 20. Bb2 c6 21. Qe2 Qc8 22. Qxe4 Qxe6 23. Rfe1 Rf5 24. f4 Raf8 25.
fxe5 Kh7 26. Re2 Rf4 27. Qc2 Rxb4 28. Re4 Rxe4 29. Qxe4 Qf5 30. Qe1 Nf4 31. Rd1 Qg4 32.
Qd2 Ne2+ 33. Kh1 Rf2 34. g3 Qf3# 0-1

[Event "Late-Titled-Tuesday-Blitz-March-05-2024"]
[Site "Chess.com"]
[Date "2024.03.05"]
[Round "6"]
[White "JaackCamel"]
[Black "ventdelest"]
[Result "0-1"]
[WhiteElo "2191"]
[BlackElo "2084"]
[TimeControl "180+1"]
[EndTime "15:04:04 PST"]
[Termination "ventdelest won by resignation"]

1. d4 Nf6 2. c4 g6 3. Nc3 d5 4.
cxd5 Nxd5 5. e4 Nxc3 6. bxc3 Bg7 7. Nf3 O-O 8. Be2 c5 9. Be3 Qa5 10. O-O Bg4 11. Rc1 Nc6 12. d5 Bxf3 13. Bxf3 Ne5 14. Be2 c4 15. f4 Nd3 16. Bxd3 cxd3 17. Qxd3 Qxa2 18. Ra1 Qb2 19. Rfb1 Qxc3 20. Qxc3 Bxc3 21.
Rxa7 Rxa7 22. Bxa7 Ra8 23. Be3 Ra4 24. e5 g5 25. g3 gxf4 26. gxf4 Bb4 27. Kf2 b5 28. Kf3 f6 29. Rc1 fxe5 30. fxe5 Kf7 31. Rc7 Kg6 32. Rb7 Kf5 33. e6 Bd6 34. Rxb5 Rh4 35. Rb2 Rxh2 36. Rb1 Rh3+ 37. Ke2 Ke4 38. Rb4+ Bxb4 0-1

[Event "Late-Titled-Tuesday-Blitz-March-05-2024"]
[Site "Chess.com"]
[Date "2024.03.05"]
[Round "6"]
[White "BeanScreen"]
[Black "traack"]
[Result "1-0"]
[WhiteElo "2707"]
[BlackElo "2431"]
[TimeControl "180+1"]
[EndTime "15:04:07 PST"]
[Termination "BeanScreen won by checkmate"]

1. e4 c5 2. c3 Nf6 3. e5 Nd5 4. Nf3 e6 5. d4 cxd4 6. cxd4 d6 7. Bc4 Be7 8. O-O O-O 9. Qe2 b6 10. Nc3 Nxc3 11. bxc3 Bb7 12. Bd3 Nd7 13. Bf4 dxe5 14.
Nxe5 Bf6 15. Rad1 g6 16. Bh6 Re8 17. Bb5 Re7 18. Nxd7 Rxd7 19. Bxd7 Qxd7 20. c4 Rc8 21. d5 exd5 22. Qf3 Bg7 23. Bxg7 Kxg7 24. cxd5 Rc5 25. Rd2 Bxd5 26. Qf4 Qe6 27. Qd4+ Kg8 28. h4 Bxa2 29.
Qd8+ Kg7 30. Rd6 Qf5 31. h5 gxh5 32. Rd3 Rc6 33. Qd4+ Kg8 34. Qa1 Bc4 35. Rd8# 1-0

[Event "Late-Titled-Tuesday-Blitz-March-05-2024"]
[Site "Chess.com"]
[Date "2024.03.05"]
[Round "6"]
[White "PawnEatingZombie"]
[Black "TheAlienParty"]
[Result "0-1"]
[WhiteElo "2172"]
[BlackElo "2397"]
[TimeControl "180+1"]
[EndTime "15:04:08 PST"]
[Termination "TheAlienParty won by resignation"]

1. e4 e5 2. Nf3 Nc6 3. Nc3 Bb4 4. Bb5 Bxc3 5. bxc3 d6 6. O-O Bd7 7. d4 Nf6 8. Re1 O-O 9. h3 h6 10. Rb1 Re8 11.
Bd3 b6 12. Bb2 a5 13. a3 Nh7 14. Bc4 Ng5 15. Bc1 Qf6 16. Nxg5 hxg5 17. Re3 exd4 18. Rf3 Qe5 19. Bxf7+ Kh7 20. Bxe8 Rxe8 21. Rf7 Qe6 22. Qh5+ Kg8 23. Bxg5 Qxf7 24. Qh4 dxc3 25. Re1 Nd4 26. Re3 Ne6 27. Bh6 gxh6 28. Qxh6 Ng7 29. Rg3 Re6 0-1

[Event "Late-Titled-Tuesday-Blitz-March-05-2024"]
[Site "Chess.com"]
[Date "2024.03.05"]
[Round "6"]
[White "Crazy_girl99"]
[Black "Arystanner"]
[Result "0-1"]
[WhiteElo "2569"]
[BlackElo "2868"]
[TimeControl "180+1"]
[EndTime "15:04:11 PST"]
[Termination "Arystanner won on time"]

1. e4 c5 2. Nf3 e6 3. d4 cxd4 4. Nxd4 Nc6 5. c4 Nf6 6. Nc3 Bb4 7. Qd3 O-O 8. Be2 d5 9. cxd5 exd5 10. Nxc6 bxc6 11.
e5 Ne4 12. O-O Bxc3 13. bxc3 a5 14. Qc2 Re8 15. Bf4 Qh4 16. Bg3 Nxg3 17. hxg3 Qg5 18. Bd3 g6 19. Rae1 c5 20. c4 d4 21. Be4 Rb8 22.
Bd5 Bf5 23. Qa4 Bd3 24. e6 fxe6 25. Rxe6 Rxe6 26. Bxe6+ Kh8 27. Re1 Qd2 28. Rd1 Qe2 29. Rxd3 Qxd3 30. Qd7 Qd1+ 31. Kh2 Qh5+ 32. Bh3 Qe5 33.
f4 Qf6 34. Qc7 Rd8 35. g4 d3 36. g5 Qd6 37. Qf7 Rf8 38. Qa7 d2 39. Bg4 Qxf4+ 40. g3 Qxg4 0-1

[Event "Late-Titled-Tuesday-Blitz-March-05-2024"]
[Site "Chess.com"]
[Date "2024.03.05"]
[Round "6"]
[White "SmirnovTimofey2000"]
[Black "LUISMIGUELOV"]
[Result "0-1"]
[WhiteElo "1964"]
[BlackElo "2158"]
[TimeControl "180+1"]
[EndTime "15:04:11 PST"]
[Termination "LUISMIGUELOV won on time"]

1. d4 c6 2. Bf4 d5 3. e3 Bf5 4. c3 e6 5. Bd3 Bxd3 6. Qxd3 f5 7. Nf3 Nf6 8. Nbd2 Nbd7 9. h3 h6 10.
Ne5 Nxe5 11. Bxe5 Be7 12. Nf3 O-O 13. O-O Ne4 14. Nd2 Bd6 15. f4 Bxe5 16. fxe5 Qg5 17.
Nxe4 fxe4 18. Qe2 b5 19. a3 a5 20. Rae1 b4 21. Rb1 Rxf1+ 22. Qxf1 Qxe3+ 23. Kh1 Rf8 24. Qc1 Qxc1+ 25. Rxc1 bxa3 26. bxa3 Rb8 27. c4 Rb3 28. cxd5 cxd5 29. Rc6 Kf7 30. Rc7+ Kg6 31. a4 Rb4 32. Rc6 Kf5 33. g4+ Kf4 34. Rxe6 e3 35. Rc6 e2 36.
Rc1 Rxd4 37. Re1 Rd1 0-1

[Event "Late-Titled-Tuesday-Blitz-March-05-2024"]
[Site "Chess.com"]
[Date "2024.03.05"]
[Round "6"]
[White "Felix-Rose"]
[Black "venturov"]
[Result "0-1"]
[WhiteElo "2292"]
[BlackElo "2470"]
[TimeControl "180+1"]
[EndTime "15:04:14 PST"]
[Termination "venturov won by resignation"]

1. e4 Nf6 2. e5 Nd5 3. d4 d6 4. c4 Nb6 5. exd6 cxd6 6. Nc3 g6 7.
Be3 Bg7 8. Rc1 O-O 9. b3 Bf5 10. Nf3 Bg4 11. h3 Bxf3 12. Qxf3 Nc6 13. Qd1 d5 14. c5 Nc8 15. Bb5 e6 16. O-O N8e7 17. Be2 Nf5 18. Nb5 a6 19. Nd6 Nxd6 20. cxd6 Qxd6 21.
Qd2 Rac8 22. Bf3 Ne7 23. Bf4 Qa3 24. g4 Nc6 25. Be3 Nb4 26. Ra1 Rc2 27. Qe1 Rfc8 28. Bc1 Qa5 29. Bd2 Rxd2 30. Qxd2 Qb6 31. Rac1 Rxc1 32. Rxc1 Bxd4 33. Qh6 Bxf2+ 34. Kg2 Nc6 35. h4 Be3 36. g5 Bxc1 37. h5 Qe3 38. hxg6 Qxg5+ 39. Qxg5 Bxg5 40. gxf7+ Kxf7 41. Kf2 0-1